 Dungeon Crawl Stone Soup version 0.26.0-10-g1f06aea511 (webtiles) character file.

Game seed: 15934516127667701188

4102 dohliylev the Cleaver (level 10, -2/90 HPs)
             Began as a Minotaur Berserker on Jan 31, 2021.
             Was an Elder of Trog.
             Slain by an unseen horror (6 damage)
             ... on level 11 of the Dungeon.
             The game lasted 00:13:50 (7234 turns).

dohliylev the Cleaver (Minotaur Berserker)          Turns: 7234, Time: 00:13:51

Health: -2/90      AC: 19    Str: 24    XL:     10   Next: 6%
Magic:  9/9        EV:  9    Int:  4    God:    Trog [****..]
Gold:   484        SH:  5    Dex: 11    Spells: 9/9 levels left

rFire    . . .     SeeInvis .   a - +0 hand axe
rCold    . . .     Faith    .   (no shield)
rNeg     . . .     Spirit   .   n - +0 plate armour
rPois    .         Reflect  +   (helmet restricted)
rElec    .         Harm     .   p - +0 cloak
rCorr    .         Rampage  .   (no gloves)
Will     +....                  (no boots)
Stlth    ..........             J - amulet of reflection
HPRegen  0.25/turn              e - ring of willpower
MPRegen  0.11/turn              F - +4 ring of protection

@: berserk cooldown, slowed, very slow
A: retaliatory headbutt, horns 2
a: Renounce Religion, Berserk, Trog's Hand, Brothers in Arms


You were on level 11 of the Dungeon.
You worshipped Trog.
Trog was greatly pleased with you.
You visited 1 branch of the dungeon, and saw 10 of its levels.

You collected 484 gold pieces.

Inventory:

Hand Weapons
 a - a +0 hand axe (weapon)
Armour
 n - a +0 plate armour (worn)
 p - a +0 cloak (worn)
 B - a +2 leather armour of poison resistance
Jewellery
 e - a ring of willpower (left hand)
 x - an uncursed ring of resist corrosion
 F - a +4 ring of protection (right hand)
 J - an amulet of reflection (around neck)
Scrolls
 c - 2 scrolls of enchant weapon {unknown}
 d - 2 scrolls of blinking
 f - 2 scrolls of enchant armour {unknown}
 g - 8 scrolls of remove curse
 k - 4 scrolls of magic mapping
 m - 5 scrolls of identify {unknown}
 r - a scroll of random uselessness {unknown}
 s - 4 scrolls of fear {unknown}
 v - a scroll of amnesia {unknown}
 y - 4 scrolls of teleportation {unknown}
 D - a scroll of noise {unknown}
Potions
 b - a potion of lignification {unknown}
 h - 3 potions of curing {unknown}
 i - 2 potions of might {unknown}
 j - a potion of magic {unknown}
 l - a potion of mutation {unknown}
 o - 3 potions of brilliance {unknown}
 q - 2 potions of cancellation {unknown}
 t - 2 potions of resistance {unknown}
 u - a potion of invisibility {unknown}
 C - a potion of flight {unknown}
 E - 2 potions of haste {unknown}
 G - 2 potions of attraction {unknown}
 H - a potion of heal wounds {unknown}


   Skills:
 + Level 8.9 Fighting
 + Level 12.1 Axes
 + Level 9.4 Armour
 + Level 3.9 Dodging


You had 9 spell levels left.
You didn't know any spells.
Your spell library was empty.

Dungeon Overview and Level Annotations

Branches:
Dungeon (9/15)             Temple (0/1) D:5
   Lair: D:8-11         Orc: D:9-12

Altars:
Ashenzari
Elyvilon
Fedhas
Gozag
Hepliaklqana
Kikubaaqudgha
Makhleb
Qazlal
Ru
Trog
Wu Jian
Xom
The Shining One


Innate Abilities, Weirdness & Mutations

You reflexively headbutt those who attack you in melee.
You have a pair of horns on your head.


Message History

The killer bee stings you but does no damage.
The killer bee closely misses you. You furiously retaliate!
You headbutt the killer bee! Something hits you but does no damage.
The killer bee stings you but does no damage.
You feel a strong urge to attack something.
You block something's attack.
You hit the killer bee.
You kill the killer bee!
Trog accepts your kill.
You slash something! Something hits you but does no damage. Something hits you.
* * * LOW HITPOINT WARNING * * *
You slash the killer bee!
You kill the killer bee!
Trog accepts your kill.
You miss something. Something completely misses you.
You are no longer berserk.
You are exhausted.
You feel yourself slow down. Something hits you.
You die...

*,,,,,,*,,,*,,#♣...♣#.♣.#*****
*,,,,,,*,,,#..#.......♣.#,,,+,
*,,,,,.##+##..#♣...♣#.♣.+,,***
******........#♣♣.♣♣#.†)#***,,
*........# #/# ##########
**#......# ♣.♣ ♣♣....♣.♣
#......#♣♣.♣♣#♣.≈≈≈≈≈≈≈
#......#..♣....≈≈≈≈≈≈≈≈
#.....@#♣♣)♣♣♣♣.≈≈≈≈≈≈≈
#.....{# ♣.♣ ♣♣....♣(♣
#......#############...
#.....†D.†.............
#.......†..............
#....###...............
*#.###* #............... #..*
#............... #.,*
#...............


You could see a nine-headed hydra.

Vanquished Creatures
  Pikel (D:6)
  Grinder (D:3)
  A yak (D:11)
  Edmund (D:6)
  A water moccasin (D:11)
  2 ice beasts
  A sky beast (D:8)
  A black bear (D:7)
  7 ogres
  2 centaurs
  A lemure (D:6)
  Blork the orc (D:4)
  2 bullfrogs (D:7)
  A wyvern skeleton (D:11)
  3 scorpions
  9 killer bees
  3 wights (D:7)
  A howler monkey (D:4)
  A crimson imp (D:5)
  A bullfrog zombie (D:7)
  A bullfrog skeleton (D:8)
  5 hounds
  2 jellies
  Crazy Yiuf (D:5)
  4 orc wizards
  A gnoll shaman (D:8)
  Ijyb (D:5)
  Terence (D:3)
  4 iguanas
  5 worker ants
  A hound zombie (D:6)
  A worker ant zombie (D:6)
  12 gnolls
  8 adders
  A white imp (D:7)
  An ufetubus (D:5)
  2 oozes (D:2)
  2 worms
  4 dart slugs
  4 leopard geckos
  14 orcs
  2 ball pythons (D:1)
  4 giant cockroaches
  5 goblins
  6 hobgoblins
  4 jackals (D:3)
  5 kobolds
  6 quokkas
  8 bats
  7 frilled lizards
  2 jackal zombies
  A quokka zombie (D:5)
  5 rats
171 creatures vanquished.

Notes
Turn   | Place    | Note
-------+----------+-------------------------------------------
     0 | D:1      | dohliylev the Minotaur Berserker began the quest for the
                  | Orb.
     0 | D:1      | Reached XP level 1. HP: 19/19 MP: 0/0
     3 | D:1      | Noticed an electric eel
     3 | D:1      | Noticed an electric eel
   269 | D:1      | Reached XP level 2. HP: 27/27 MP: 1/1
   317 | D:1      | Reached skill level 4 in Axes
   698 | D:2      | Reached XP level 3. HP: 33/33 MP: 2/2
   763 | D:2      | Reached ** piety under Trog
   817 | D:2      | Reached XP level 4. HP: 41/41 MP: 3/3
   968 | D:2      | Found a sacrificial altar of Ru.
   974 | D:2      | Reached skill level 5 in Axes
  1304 | D:3      | Reached XP level 5. HP: 37/47 MP: 4/4
  1450 | D:3      | Noticed Grinder
  1457 | D:3      | Noticed Terence
  1463 | D:3      | Killed Grinder
  1464 | D:3      | Reached skill level 5 in Fighting
  1464 | D:3      | Reached skill level 6 in Axes
  1464 | D:3      | Reached XP level 6. HP: 24/56 MP: 5/5
  1464 | D:3      | Killed Terence
  1907 | D:3      | Found an ancient bone altar of Kikubaaqudgha.
  2049 | D:3      | Found a bloodstained altar of Trog.
  2149 | D:3      | Reached skill level 7 in Axes
  2587 | D:4      | Reached XP level 7. HP: 62/62 MP: 6/6
  2611 | D:4      | Reached *** piety under Trog
  2655 | D:4      | Found a broken altar of Ashenzari.
  2696 | D:4      | Noticed Blork the orc
  2705 | D:4      | Killed Blork the orc
  2775 | D:4      | Reached skill level 5 in Armour
  3031 | D:4      | Reached skill level 8 in Axes
  3343 | D:5      | Entered Level 5 of the Dungeon
  3367 | D:5      | Reached XP level 8. HP: 71/71 MP: 7/7
  3611 | D:5      | Noticed Ijyb
  3617 | D:5      | Killed Ijyb
  3656 | D:5      | Found a blossoming altar of Fedhas.
  3683 | D:5      | Found a staircase to the Ecumenical Temple.
  3768 | D:5      | Found a runed translucent door.
  3769 | D:5      | Noticed Crazy Yiuf
  3876 | D:5      | Found a burning altar of Makhleb.
  3876 | D:5      | Found a shimmering altar of Xom.
  4007 | D:5      | Killed Crazy Yiuf
  4052 | D:6      | Noticed Edmund
  4065 | D:6      | Killed Edmund
  4066 | D:6      | Reached skill level 9 in Axes
  4134 | D:6      | Noticed Pikel
  4148 | D:6      | Killed Pikel
  4149 | D:6      | Reached skill level 10 in Axes
  4207 | D:6      | Found a white marble altar of Elyvilon.
  4332 | D:6      | Found an opulent altar of Gozag.
  4379 | D:6      | Found a bloodstained altar of Trog.
  4379 | D:6      | Found a faded altar of an unknown god.
  4386 | D:6      | Found an ornate altar of the Wu Jian Council.
  4388 | D:6      | Found a faded altar of an unknown god.
  4389 | D:6      | Found a glowing golden altar of the Shining One.
  4519 | D:7      | Reached XP level 9. HP: 60/79 MP: 8/8
  4806 | D:7      | Found an opulent altar of Gozag.
  4919 | D:7      | Reached **** piety under Trog
  5515 | D:7      | Reached skill level 11 in Axes
  6483 | D:8      | Found a hazy altar of Hepliaklqana.
  6646 | D:8      | Found a shimmering altar of Xom.
  7085 | D:9      | Found a stormy altar of Qazlal.
  7090 | D:9      | You fall into a shaft and drop 2 floors!
  7187 | D:11     | Reached skill level 12 in Axes
  7204 | D:11     | Noticed a five-headed hydra
  7224 | D:11     | Reached XP level 10. HP: 43/90 MP: 9/9
  7227 | D:11     | HP: 6/135 [killer bee (1)]
  7232 | D:11     | HP: 5/135 [something (1)]
  7234 | D:11     | Slain by an unseen horror

Illustrated notes

Levels and vault maps discovered:
D:1:      arrival_aquarium_b, layout_loops_ring, serial_forest,
          infiniplex_forest_lined_corner, infiniplex_forest_straight_2,
          infiniplex_forest_straight_4, infiniplex_forest_corner_1,
          minmay_misc_feat_tiny, hex_tiny, hangedman_abyss_or_decor_stabs,
          amcnicky_mini_pool_small
D:2:      layout_rooms, old_standard_altar, minmay_misc_feat_five
D:3:      layout_loops_ring, lemuel_round_altar, trog_butcher_becter,
          uniq_terence, uniq_grinder
D:4:      layout_basic, lemuel_crystal_altar, uniq_blork_the_orc
D:5:      layout_basic, grunt_temple_overflow_champion_of_chaos,
          lemuel_coloured_pillars_altar, minmay_temple_entry_statues_fountains,
          hangedman_decor_clover_reticule, uniq_ijyb, uniq_crazy_yiuf_cottage
D:6:      layout_gridville, chequers_temple_overflow_minitemple,
          elyvilon_altar_1, grunt_gozag_statues, uniq_edmund, uniq_pikel
D:7:      layout_layer_cave, minivault_5, amcnicky_altar_gilded
D:8:      layout_cave_pools, old_standard_altar, basic_altar
D:9:      layout_basic, general_overflow_altar, serial_shops,
          nicolae_shop_statue_plus
D:11:     nzn_winding_woodlands_medium [nzn_winding_woodlands_hourglass,
          nzn_winding_woodlands_5x15_longhouse,
          nzn_winding_woodlands_5x5_checkerboard,
          nzn_winding_woodlands_5x5_closed_star,
          nzn_winding_woodlands_center_lodge,
          nzn_winding_woodlands_5x5_open_star, nzn_winding_woodlands_5x5_three,
          nzn_winding_woodlands_5x15_river_crossing,
          nzn_winding_woodlands_5x5_cross], layout_irregular_city

Skill      XL: |  1  2  3  4  5  6  7  8  9 |
---------------+----------------------------+-----
Fighting       | 4 5 6 7 8 |  8.9
Axes           | 4 5 6 7 8 10 12 | 12.1
Armour         | 3 4 6 7 9 |  9.4
Dodging        | 3 |  3.9

Action                   |  1- 3 |  4- 6 |  7- 9 | 10-12 || total
-------------------------+-------+-------+-------+-------++-------
Melee: Hand axe          |    45 |   114 |   334 |     7 ||   500
       Headbutt          |    10 |    27 |    69 |       ||   106
Invok: Berserk           |     1 |     3 |    13 |       ||    17
  Use: Scroll            |       |       |     3 |       ||     3
 Stab: Sleeping          |     1 |       |       |       ||     1
Armor: Chain mail        |    26 |    13 |       |       ||    39
       Plate armour      |       |    63 |   202 |    15 ||   280
Dodge: Dodged            |    23 |    38 |   122 |     9 ||   192
Block: Other             |       |       |     7 |     4 ||    11
